AoeStats
← Juyhou

Lombardia

509701183Analyzed
4v4 RM · 5d ago on Sep 27, 2026· 75m 42s· 8 players
Game mode
Random Map
Map size
Large (8 player)
Population
200
Speed
Normal
Resources
Standard
Victory
Conquest
Starting age
Dark Age
Ending age
Imperial Age
RankedLock teamsTeams togetherTeam positionsShared explorationLock speedFull tech treeHidden civsTurbo modeCheats
Victory
Defeat
🇫🇮 Vietnamese · Finland
2027
+9
🇫🇮 Saxons · Finland
1930
+13
🇫🇮 Varangians · Finland
1861
+16
🇫🇮 Mapuche · Finland
1612
+26
🇨🇳 Varangians · China
1994
-21
🇨🇳 Mongols · China
1875
-17
🇺🇸 Hindustanis · United States
1797
-14
🇦🇷 Khmer · Argentina
1766
-12
FYI Inc
5:06 Loom
10:54 Feudal Age
12:00 Town Watch
14:56 Castle Age
12:48 Double-Bit Axe
13:15 Horse Collar
16:08 Bow Saw
18:36 Wheelbarrow
20:32 Bloodlines
22:18 Scale Barding Armor
25:02 Husbandry
27:18 Forging
28:05 Gold Mining
29:21 Heavy Plow
30:00 Chain Barding Armor
32:01 Iron Casting
35:46 Imperial Age
33:20 Fletching
34:28 Hand Cart
35:06 Gold Shaft Mining
37:05 Plate Barding Armor
35:51 Heavy Camel Rider
37:32 Two-Man Saw
36:53 Conscription
38:48 Blast Furnace
38:59 Stone Mining
39:15 Caravan
39:03 Imperial Camel Rider
41:13 Grand Trunk Road
46:57 Coinage
48:36 Banking
52:48 Siege Elephant
54:53 Banking
55:04 Fortified Wall
58:29 Scale Mail Armor
58:15 Arson
58:30 Squires
58:25 Elite Ghulam
59:23 Masonry
59:46 Chain Mail Armor
62:43 Light Cavalry
合川狗大高手
10:58 Feudal Age
14:37 Castle Age
13:17 Double-Bit Axe
13:19 Loom
13:29 Fletching
13:21 Horse Collar
15:57 Bow Saw
16:00 Heavy Plow
18:29 Fletching
19:16 Gold Mining
20:47 Bodkin Arrow
23:18 Ballistics
24:01 Padded Archer Armor
24:56 Bloodlines
24:58 Town Watch
26:48 Wheelbarrow
28:14 Hand Cart
28:37 Stone Mining
32:55 Imperial Age
31:40 Scale Barding Armor
32:13 Husbandry
32:39 Caravan
33:58 Conscription
34:57 Chain Barding Armor
35:02 Elite Jarl
36:44 Plate Barding Armor
39:39 Forging
41:08 Iron Casting
42:49 Blast Furnace
41:11 Vendel Legacy
47:35 Crop Rotation
46:39 Light Cavalry
47:21 Bracer
49:05 Chemistry
48:16 Masonry
51:01 Hussar
56:33 Two-Man Saw
60:05 Coinage
67:13 Banking
67:46 Architecture
肱二头肌
8:46 Feudal Age
8:07 Loom
10:15 Double-Bit Axe
10:11 Horse Collar
15:36 Scale Barding Armor
15:56 Bloodlines
21:43 Castle Age
24:48 Bow Saw
30:15 Wheelbarrow
31:13 Heavy Plow
36:46 Imperial Age
35:02 Hand Cart
34:37 Gold Mining
34:38 Stone Mining
34:54 Fletching
36:15 Ballistics
36:23 Bodkin Arrow
36:37 Thumb Ring
37:30 Bracer
38:32 Chemistry
38:44 Conscription
38:28 Elite Mangudai
40:11 Parthian Tactics
41:59 Husbandry
43:02 Padded Archer Armor
44:43 Leather Archer Armor
46:53 Coinage
49:01 Light Cavalry
50:02 Chain Barding Armor
49:53 Forging
52:50 Caravan
54:15 Scale Mail Armor
54:53 Iron Casting
69:17 Hussar
71:15 Blast Furnace
Franco Guanajuato
8:05 Feudal Age
8:34 Double-Bit Axe
9:57 Loom
11:10 Horse Collar
21:17 Castle Age
19:21 Fletching
30:09 Heavy Plow
31:06 Bow Saw
32:12 Wheelbarrow
37:42 Imperial Age
35:41 Husbandry
37:30 Scale Barding Armor
39:42 Gold Mining
41:38 Hand Cart
41:50 Bloodlines
42:24 Town Watch
42:51 Stone Mining
43:37 Gold Shaft Mining
43:28 Double Crossbow
44:40 Chemistry
43:56 Elite Ballista Elephant
45:36 Chain Barding Armor
45:41 Ballistics
45:32 Masonry
45:42 Light Cavalry
47:18 Plate Barding Armor
46:54 Forging
46:33 Hussar
50:35 Iron Casting
50:28 Caravan
52:54 Blast Furnace
53:06 Conscription
53:21 Hoardings
55:53 Bodkin Arrow
62:25 Crop Rotation
67:34 Bracer
68:09 Architecture
71:47 Pikeman
73:02 Scale Mail Armor
72:50 Halberdier
74:27 Chain Mail Armor
Shyles
9:42 Feudal Age
8:07 Loom
9:56 Feudal Age
14:15 Castle Age
14:55 Double-Bit Axe
18:19 Fletching
22:15 Bodkin Arrow
25:12 Padded Archer Armor
26:40 Bow Saw
26:10 Horse Collar
29:14 Heavy Plow
30:23 Wheelbarrow
32:24 Gold Mining
33:31 Town Watch
34:36 Hand Cart
39:48 Imperial Age
39:04 Masonry
39:31 Ballistics
41:40 Chemistry
40:59 Elite Bolas Rider
41:56 Leather Archer Armor
42:48 Butalmapu
43:25 Malon
43:48 Caravan
43:32 Elite Skirmisher
45:21 Conscription
45:47 Elite Skirmisher
47:02 Imperial Skirmisher
49:05 Architecture
50:48 Ring Archer Armor
50:53 Coinage
55:11 Banking
55:58 Siege Engineers
57:16 Forging
58:36 Conscription
58:55 Hoardings
Juyhou
5:58 Loom
8:47 Feudal Age
9:28 Double-Bit Axe
12:03 Bloodlines
13:14 Horse Collar
13:54 Town Watch
17:28 Forging
17:47 Scale Barding Armor
21:28 Wheelbarrow
24:38 Castle Age
24:07 Gold Mining
24:42 Light Cavalry
25:50 Chain Barding Armor
25:46 Bow Saw
26:08 Heavy Plow
28:37 Husbandry
31:53 Hand Cart
37:54 Imperial Age
36:23 Stone Mining
39:22 Plate Barding Armor
38:08 Cavalier
39:39 Guilds
40:11 Iron Casting
41:34 Town Patrol
42:41 Blast Furnace
41:48 Caravan
42:55 Conscription
42:32 Vendel Legacy
42:47 Gothikon
43:31 Squires
43:33 Scale Mail Armor
44:06 Elite Varangian Guard
44:31 Arson
45:03 Chain Mail Armor
47:00 Plate Mail Armor
46:18 Gambesons
47:06 Ballistics
46:36 Fletching
48:28 Bodkin Arrow
59:33 Bracer
60:34 Chemistry
64:07 Masonry
70:05 Siege Engineers
74:35 Vendel Legacy
Tomppa
9:17 Feudal Age
9:46 Double-Bit Axe
11:09 Horse Collar
14:32 Bloodlines
15:28 Wheelbarrow
15:31 Loom
19:24 Castle Age
17:28 Gold Mining
20:24 Bow Saw
21:49 Hand Cart
21:23 Town Watch
22:43 Heavy Plow
24:12 Gold Shaft Mining
25:30 Stone Mining
30:37 Imperial Age
29:41 Forging
29:31 Scale Mail Armor
30:38 Chain Mail Armor
30:34 Forging
31:05 Squires
30:50 Arson
30:40 Shield Wall
31:41 Conscription
32:17 Plate Mail Armor
31:48 Elite Hearth Troop
33:25 Iron Casting
33:34 Ballistics
33:06 Fletching
34:45 Hoardings
35:13 Chemistry
34:28 Fortified Wall
35:05 Caravan
35:35 Coinage
36:24 Two-Man Saw
36:00 Crop Rotation
35:45 Bodkin Arrow
36:24 Guilds
37:49 Banking
37:42 Bracer
44:29 Masonry
44:00 Treadmill Crane
44:27 Siege Engineers
44:33 Masonry
44:04 Treadmill Crane
43:46 Capped Ram
44:38 Siege Ram
49:55 Murder Holes
50:31 Architecture
51:54 Elite Varangian Guard
52:20 Gambesons
72:45 Sappers
TheMax
6:09 Loom
8:54 Feudal Age
9:24 Double-Bit Axe
12:47 Horse Collar
14:58 Fletching
16:17 Wheelbarrow
21:35 Castle Age
20:04 Padded Archer Armor
20:09 Gold Mining
21:37 Crossbowman
22:16 Bodkin Arrow
23:15 Bow Saw
23:06 Heavy Plow
24:22 Hand Cart
26:40 Town Watch
34:20 Imperial Age
31:57 Thumb Ring
32:39 Stone Mining
33:18 Ballistics
34:16 Treadmill Crane
35:09 Bracer
34:30 Heavy Cavalry Archer
36:14 Chemistry
36:02 Caravan
36:21 Leather Archer Armor
37:07 Masonry
37:13 Guilds
40:13 Two-Man Saw
41:39 Hoardings
41:58 Paper Money
43:10 Fortified Wall
44:43 Stone Shaft Mining
45:48 Crop Rotation
45:32 Scale Barding Armor
45:59 Ring Archer Armor
46:00 Paper Money
45:02 Elite Rattan Archer
46:02 Onager
47:19 Chain Barding Armor
47:21 Siege Engineers
47:51 Bloodlines
47:42 Husbandry
49:16 Forging
49:09 Elite Battle Elephant
50:56 Plate Barding Armor
50:56 Iron Casting
51:10 Elite Fire Lancer
52:53 Arson
53:09 Squires
53:10 Scale Mail Armor
54:14 Chain Mail Armor
55:29 Plate Mail Armor
56:36 Coinage
56:43 Capped Ram
58:30 Banking
64:33 Town Patrol
64:35 Chatras
68:01 Hoardings
Connection lost

Rejoining the realm…

Still unreachable

The connection could not be restored.

Session expired

The server has moved on; the page needs a fresh start.